 Dungeon Crawl Stone Soup version 0.22.1-1-ga44c0e5 (webtiles) character file.

107 Folque the Vandal (level 5, -6/35 HPs)
             Began as a Halfling Hunter on Sept 22, 2018.
             Mangled by Robin
             ... wielding a +0 dagger of distortion
              (21 damage)
             ... on level 3 of the Dungeon.
             The game lasted 00:07:48 (1883 turns).

Folque the Vandal (Halfling Hunter)                 Turns: 1883, Time: 00:07:49

Health: -6/35      AC:  6    Str: 16    XL:     5   Next: 11%
Magic:  5/5        EV: 14    Int:  9    God:
Gold:   76         SH:  0    Dex: 16    Spells: 4/4 levels left

rFire    . . .     SeeInvis .   g - +6 dagger
rCold    . . .     Gourm    .   (shield restricted)
rNeg     . . .     Faith    .   c - +0 leather armour
rPois    .         Spirit   .   i - +0 hat
rElec    .         Reflect  .   (no cloak)
rCorr    .         Harm     .   (no gloves)
MR       .....                  l - +2 pair of boots
Stlth    ++........             (no amulet)
HPRegen  0.11/turn              h - +3 ring of strength
MPRegen  0.09/turn              (no ring)

@: no status effects
A: small, mutation resistance 1
a: no special abilities


You were on level 3 of the Dungeon.
You were not hungry.

You visited 1 branch of the dungeon, and saw 3 of its levels.

You collected 76 gold pieces.

Inventory:

Hand Weapons
 a - a +1 hunting sling
 b - a +0 short sword
 g - a +6 dagger (weapon)
Missiles
 d - 12 sling bullets
 p - 20 stones (quivered)
Armour
 c - a +0 leather armour (worn)
 i - a +0 hat (worn)
 l - a +2 pair of boots (worn)
 m - a +1 pair of gloves
 n - a +2 cloak
Jewellery
 h - a +3 ring of strength (left hand)
Scrolls
 e - a scroll of identify
 j - a scroll of teleportation
 q - a scroll of remove curse {unknown}
Potions
 o - a potion of resistance {unknown}
Comestibles
 f - 5 rations


   Skills:
 + Level 2.3 Fighting
 - Level 2.0 Short Blades
 * Level 6.2 Slings
 - Level 2.1 Dodging
 - Level 4.0 Stealth


You had 4 spell levels left.
You didn't know any spells.
Your spell library was empty.

Dungeon Overview and Level Annotations

Branches:
Dungeon (3/15)

Altars:

Annotations:
D:3 Robin


Innate Abilities, Weirdness & Mutations

You are small and have problems with some larger weapons.
You are somewhat resistant to further mutation.


Message History

g - a +6 dagger (weapon)
You hit Robin.
Robin is lightly wounded.
The goblin hits you with a club. Robin misses you.
You hit Robin.
Robin is moderately wounded.
The goblin hits you but does no damage.
You hit Robin.
Robin is severely wounded.
The goblin hits you but does no damage.
You hit Robin but do no damage.
Robin is severely wounded.
Robin laughs in a distinctly smug fashion.
Robin hits you but does no damage. Space warps horribly around you!
Ouch! That really hurt!
It was a potion of curing.
You feel better. The goblin barely misses you.
Robin hits you with a dagger of distortion.
Space warps horribly around you!
Ouch! That really hurt!
You die... ######### gg.gg.(g#

#g# #@#
###g#
#..<#
#.#.#
......
#.#.#.#.
#.#.[....
# # ...
.. #..
...


You could see Robin and 2 goblins.

Vanquished Creatures
  4 adders (D:2)
  An ooze (D:1)
  A dart slug (D:2)
  2 leopard geckos (D:2)
  7 bats
  3 giant cockroaches (D:1)
  8 goblins
  6 hobgoblins
  4 jackals (D:1)
  5 kobolds
  A quokka (D:2)
  6 frilled lizards (D:1)
  15 rats
63 creatures vanquished.

Notes
Turn   | Place    | Note
-------+----------+-------------------------------------------
     0 | D:1      | Folque the Halfling Hunter began the quest for the Orb.
     0 | D:1      | Reached XP level 1. HP: 14/14 MP: 1/1
    75 | D:1      | Reached skill level 6 in Slings
    94 | D:1      | Reached XP level 2. HP: 19/19 MP: 2/2
   279 | D:1      | Reached skill level 1 in Short Blades
   306 | D:1      | Reached XP level 3. HP: 23/24 MP: 3/3
  1196 | D:2      | Reached XP level 4. HP: 22/29 MP: 4/4
  1657 | D:2      | Reached XP level 5. HP: 34/34 MP: 5/5
  1862 | D:3      | Noticed Robin
  1883 | D:3      | Mangled by Robin

Skill      XL: |  1  2  3  4 |
---------------+-------------+-----
Slings         | 6 |  6.2
Fighting       | 2 |  2.3
Stealth        | 2 3 4 |  4.0
Short Blades   | 1 2 |  2.0
Dodging        | |  2.1

Action                   |  1- 3 |  4- 6 || total
-------------------------+-------+-------++-------
Melee: Short sword       |    92 |       ||    92
       Dagger            |    22 |    41 ||    63
 Fire: Hunting sling     |     5 |    12 ||    17
  Use: Scroll            |     1 |     3 ||     4
       Potion            |     1 |     1 ||     2
 Stab: Sleeping          |     6 |     5 ||    11
       Distracted        |       |     1 ||     1
  Eat: Chunk             |     1 |     2 ||     3
Armor: Leather armour    |    24 |    12 ||    36
       Skin              |     4 |       ||     4
Dodge: Dodged            |    78 |    35 ||   113
